 Dungeon Crawl Stone Soup version 0.31-a0-489-g282fc92437 (webtiles) character file.

Game seed: 14472581133917201515

67610 bumholeboi the Brawler (level 14, -9/136 HPs)
             Began as a Troll Berserker on Aug 8, 2023.
             Was the Champion of Trog.
             Mangled by a skyshark (24 damage)
             ... on level 4 of the Lair of Beasts.
             The game lasted 01:12:08 (14842 turns).

bumholeboi the Brawler (Troll Berserker)           Turns: 14842, Time: 01:12:08

Health: -9/136     AC: 16    Str: 30    XL:     14   Next: 83%
Magic:  13/13      EV: 14    Int:  5    God:    Trog [******]
Gold:   1256       SH:  0    Dex: 15    Spells: 13/13 levels left

rFire   . .          .
                       - Unarmed
rCold   . . .        (no shield)
rNeg    . . .        p - +1 steam dragon scales
rPois   .            (helmet restricted)
rElec   .            l - +1 cloak
rCorr   .            (gloves unavailable)
SInv    .            (boots unavailable)
Will    +....        (no amulet)
Stlth   ++           m - +4 ring of protection
HPRegen 1.22/turn    q - +6 ring of dexterity
MPRegen 0.13/turn

%: no passive effects
@: lethally poisoned (-9 -> -18), studying Armour
A: large, unfitting armour, claws 3, regeneration 1, shaggy fur 1, tough skin 1
a: Renounce Religion, Berserk, Trog's Hand, Brothers in Arms


You were on level 4 of the Lair of Beasts.
You worshipped Trog.
Trog was exalted by your worship.
You visited 4 branches of the dungeon, and saw 18 of its levels.
You also visited: Ossuary and Bailey.

You collected 2539 gold pieces.
You spent 1283 gold pieces at shops.

Inventory:

Hand Weapons
 u - a +1 antimagic dire flail
 y - a +5 antimagic morningstar
Missiles
 r - 10 boomerangs
 D - 21 large rocks
 I - 4 javelins
 J - 3 throwing nets
Armour
 a - a +0 animal skin
 l - a +1 cloak (worn)
 p - +1 steam dragon scales (worn)
 O - +0 ice dragon scales
Jewellery
 i - a ring of protection from fire
 m - a +4 ring of protection (left claw)
 q - a +6 ring of dexterity (right claw)
 M - a ring of poison resistance
 N - an amulet of faith
Wands
 g - a wand of acid (23)
 v - a wand of charming (12)
 x - a wand of flame (22)
 A - a wand of roots (6)
 B - a wand of mindburst (7)
 C - a wand of digging (7)
Scrolls
 c - a scroll of fear
 e - 3 scrolls of fog
 h - 7 scrolls of teleportation
 j - 4 scrolls of noise
 k - 2 scrolls of revelation
 s - 5 scrolls of enchant weapon
 w - a scroll of blinking
 E - 2 scrolls of poison
 F - 5 scrolls of identify
 G - 2 scrolls of brand weapon
 H - 2 scrolls of immolation
Potions
 b - 4 potions of heal wounds
 d - 8 potions of curing
 f - 4 potions of enlightenment
 n - 4 potions of might
 o - a potion of cancellation
 t - a potion of berserk rage
 z - a potion of ambrosia
 K - a potion of haste
 L - a potion of attraction


   Skills:
 * Level 8.2 Fighting
 + Level 2.3 Throwing
 * Level 9.3 Armour
 * Level 9.9 Dodging
 + Level 2.7 Stealth
 * Level 19.0 Unarmed Combat


You had 13 spell levels left.
You didn't know any spells.
Your spell library was empty.

Dungeon Overview and Level Annotations

Branches:
Dungeon (11/15)            Temple (0/1) D:4            Lair (4/5) D:11
  Swamp (0/4) Lair:2        Snake (0/4) Lair:3          Orc (2/2) D:11
    Elf (1/3) Orc:2       Ossuary (visited)          Bailey (visited)
  Slime: Lair:4-5

Altars:
Gozag
Kikubaaqudgha
Makhleb
Nemelex Xobeh
Trog
Xom
Zin
The Shining One

Shops:
D:1 :   D:8 (   Orc:1 (   Orc:2 !??:[![*!


Innate Abilities, Weirdness & Mutations

You are too large for most types of armour.
You have claws for hands.
Your natural rate of healing is unusually fast.
You are covered in fur. (AC +1)
You have tough skin. (AC +1)


Message History

The skyshark bites you.
The skyshark tastes blood and grows stronger!
The skyshark closely misses you. x2
The elephant tramples you but does no damage.
The elephant trunk-slaps you but does no damage.
You scratch the elephant. You claw the elephant!!
The elephant is heavily wounded.
The cane toad closely misses you.
You barely miss the cane toad. You claw the cane toad.
The cane toad is lightly wounded.
The elephant tramples you but does no damage.
The elephant completely misses you.
The elephant tramples you but does no damage.
The elephant barely misses you. The elephant completely misses you.
The elephant closely misses you.
The dream sheep shake their wool and sparkle.
You feel drowsy...
You fall asleep.
The skyshark bites you!!!
You wake up.
The skyshark enters a blood-rage!
The skyshark misses you. The skyshark closely misses you.
You hear a bleat! x4
You mangle the elephant!!
You kill the elephant!
Trog accepts your kill.
The cane toad stings you but does no damage.
The skyshark bites you!
* * * LOW HITPOINT WARNING * * *
The skyshark closely misses you. The skyshark barely misses you.
The elephant tramples you.
* * * LOW HITPOINT WARNING * * *
You stumble backwards!
The elephant closely misses you.
The elephant trunk-slaps you but does no damage.
The elephant attacks as you move away!
The elephant tramples you but does no damage.
The elephant barely misses you. The water moccasin bites you.
* * * LOW HITPOINT WARNING * * *
The cane toad stings you!
* * * LOW HITPOINT WARNING * * *
You are poisoned.
The cane toad poisons you! The skyshark bites you!!
You die...

....P #.....# .....####
#####.....# ..
......P####.##......# ...
#.#................#
...####.................#
#.#.#.#.................#
..Y....#................#
......#..................
.>.$..YS@#..###..##.....#
...Y.Y#lF#### ..P####...#
.....Y.YY..# ##### #..#
......#...## ..........#
#.#.#.#.....
<............ .....
......... ..... .........


You could see a skyshark (berserk), 5 elephants, a cane toad, a water moccasin
and 2 dream sheep.

Vanquished Creatures
  Jorgrun (Orc:2)
  The ghost of Kiciri the Blocker, a journeyman GnFi of Nemelex Xobeh (Orc:2)
  Fannar (Lair:2)
  A hydra (Lair:2)
  2 catoblepae
  Erica (D:8)
  3 dancing weapons (Elf:1)
  A boulder beetle (D:11)
  2 two-headed ogres (D:11)
  An orc high priest (Bailey)
  Urug (Orc:2)
  Sonja (D:11)
  A deep elf knight (Elf:1)
  A skyshark (Lair:3)
  A bog body (Lair:2)
  2 deep elf archers (Elf:1)
  4 deep elf pyromancers
  4 orc knights
  An ugly thing (D:11)
  3 cyclopes
  3 deep elf zephyrmancers (Elf:1)
  A manticore (D:11)
  19 elephants
  Joseph (D:9)
  2 black mambas (Lair:2)
  7 cane toads
  A gargoyle (D:11)
  4 komodo dragons
  2 kobold demonologists
  A rime drake (Lair:3)
  A hornet (D:8)
  3 trolls
  9 blink frogs (Lair:3)
  2 shadows
  A wraith (D:8)
  A basilisk (Lair:1)
  4 wyverns
  17 yaks
  3 steam dragons
  Menkaure (D:5)
  4 swamp worms (Lair:2)
  A warg (Orc:1)
  3 nagas (Lair:3)
  3 acid dragons
  4 water moccasins
  42 orc warriors
  3 black bears
  3 ice beasts
  12 ogres
  10 wolves (Lair:2)
  16 centaurs
  A gnoll sergeant (D:9)
  4 scorpions
  8 bullfrogs
  5 wights (D:8)
  11 killer bees (D:7)
  7 electric eels
  6 hounds
  A human zombie (Ossuary)
  2 jellies
  16 orc priests
  A gnoll bouda (D:6)
  4 sleepcaps
  5 iguanas
  16 orc wizards
  A hell rat (D:7)
  2 mummies (Ossuary)
  17 gnolls
  4 adders
  7 river rats (D:7)
  3 dart slugs
  A worm (D:3)
  70 orcs
  8 endoplasms
  3 giant cockroaches
  19 goblins
  5 hobgoblins
  3 jackals (D:4)
  13 quokkas
  6 ball pythons
  6 bats
  4 frilled lizards
  A goblin zombie (Ossuary)
  12 hobgoblin zombies (Ossuary)
  A jackal zombie (Ossuary)
  11 kobolds
  12 kobold zombies (Ossuary)
  9 orc zombies (Ossuary)
  20 rats
  A rat zombie (Ossuary)
543 creatures vanquished.

Vanquished Creatures (collateral kills)
  A deep elf demonologist (Elf:1)
  3 deep elf archers (Elf:1)
  2 deep elf zephyrmancers (Elf:1)
  A water elemental (Elf:1)
7 creatures vanquished.

Grand Total: 550 creatures vanquished

Notes
Turn   | Place    | Note
-------+----------+-------------------------------------------
     0 | D:1      | bumholeboi the Troll Berserker began the quest for the Orb.
     0 | D:1      | Reached XP level 1. HP: 22/22 MP: 0/0
   218 | D:1      | Reached XP level 2. HP: 29/29 MP: 1/1
   261 | D:1      | Found Ecull's Book Shoppe.
   640 | D:2      | Reached XP level 3. HP: 34/36 MP: 2/2
   986 | D:2      | You fall into a shaft and drop 2 floors!
  1012 | D:4      | Reached skill level 4 in Unarmed Combat
  1012 | D:4      | Reached XP level 4. HP: 44/44 MP: 3/3
  1019 | D:4      | Reached ** piety under Trog
  1062 | D:4      | Noticed a scorpion
  1144 | D:3      | Noticed a scorpion
  2022 | D:3      | Killed a scorpion
  2023 | D:3      | Reached XP level 5. HP: 25/53 MP: 4/4
  2216 | D:4      | Found a staircase to the Ecumenical Temple.
  2260 | D:4      | Reached skill level 5 in Unarmed Combat
  2301 | D:4      | Reached XP level 6. HP: 61/61 MP: 5/5
  2376 | D:4      | Found a shimmering altar of Xom.
  2465 | D:4      | Reached skill level 6 in Unarmed Combat
  2603 | D:4      | Found an opulent altar of Gozag.
  2608 | D:4      | Reached XP level 7. HP: 52/67 MP: 6/6
  2609 | D:4      | Reached *** piety under Trog
  2703 | D:5      | Entered Level 5 of the Dungeon
  2747 | D:5      | Reached skill level 7 in Unarmed Combat
  2759 | D:5      | Noticed Menkaure
  2763 | D:5      | Killed Menkaure
  2766 | D:5      | Found a sand-covered staircase.
  2790 | Ossuary  | Entered an ossuary
  3068 | Ossuary  | Reached **** piety under Trog
  3265 | D:5      | Reached skill level 8 in Unarmed Combat
  3265 | D:5      | Reached XP level 8. HP: 60/78 MP: 7/7
  3433 | D:5      | Found a burning altar of Makhleb.
  3945 | D:6      | Reached skill level 9 in Unarmed Combat
  4002 | D:6      | Identified the +1 robe of Kikubaaqudgha {rElec Str-5
                  | Stlth+}
  4035 | D:6      | Found a sparkling altar of Nemelex Xobeh.
  4509 | D:7      | Reached skill level 5 in Dodging
  4595 | D:7      | Reached skill level 10 in Unarmed Combat
  4595 | D:7      | Reached XP level 9. HP: 84/84 MP: 8/8
  4637 | D:7      | Reached skill level 1 in Armour
  4883 | D:7      | Reached skill level 1 in Stealth
  4952 | D:7      | Reached ***** piety under Trog
  4960 | D:7      | Reached skill level 11 in Unarmed Combat
  5459 | D:7      | Received a gift from Trog
  5530 | D:8      | Found Niabbyck's Weapon Emporium.
  5772 | D:8      | Noticed Erica
  5782 | D:8      | Killed Erica
  5783 | D:8      | Reached XP level 10. HP: 90/94 MP: 9/9
  5816 | D:8      | Reached skill level 12 in Unarmed Combat
  5969 | D:8      | Found a glowing golden altar of the Shining One.
  5996 | D:8      | Found a glowing silver altar of Zin.
  6326 | D:9      | Found a flagged portal.
  6348 | Bailey   | Entered a bailey
  6460 | Bailey   | Reached skill level 5 in Fighting
  6527 | Bailey   | Acquired 739 gold pieces
  6628 | Bailey   | Identified the +3 leather armour of Ferocious Birdsong {rF+
                  | Stlth+}
  6631 | Bailey   | Found an iron altar of Okawaru.
  6636 | Bailey   | Noticed an orange demon
  6638 | Bailey   | Reached skill level 13 in Unarmed Combat
  6638 | Bailey   | Noticed an orc high priest
  6657 | Bailey   | Killed an orc high priest
  6764 | Bailey   | Noticed an orc knight
  6769 | Bailey   | Killed an orc knight
  6798 | Bailey   | Noticed an orc knight
  6806 | Bailey   | Killed an orc knight
  6807 | Bailey   | Reached XP level 11. HP: 77/104 MP: 10/10
  6912 | D:9      | Reached skill level 14 in Unarmed Combat
  7121 | D:9      | Acquired a manual of Armour
  7191 | D:9      | Noticed a deep elf pyromancer
  7202 | D:9      | Killed a deep elf pyromancer
  7202 | D:9      | Received a gift from Trog
  7338 | D:9      | Noticed Joseph
  7344 | D:9      | Killed Joseph
  7554 | D:10     | Entered Level 10 of the Dungeon
  7803 | D:10     | Found an ancient bone altar of Kikubaaqudgha.
  8092 | D:11     | Noticed a boulder beetle
  8193 | D:11     | Noticed a two-headed ogre
  8207 | D:11     | Killed a two-headed ogre
  8338 | D:11     | Found a bloodstained altar of Trog.
  8350 | D:11     | Reached skill level 15 in Unarmed Combat
  8356 | D:11     | Noticed a two-headed ogre
  8401 | D:11     | Killed a two-headed ogre
  8563 | D:11     | Killed a boulder beetle
  8612 | D:11     | Reached XP level 12. HP: 112/114 MP: 11/11
  8631 | D:11     | Reached skill level 5 in Armour
  8709 | D:11     | Noticed Sonja
  8725 | D:11     | Killed Sonja
  8772 | D:11     | Found a staircase to the Orcish Mines.
  8853 | D:11     | Found a staircase to the Lair.
  8938 | Orc:1    | Entered Level 1 of the Orcish Mines
  9153 | Orc:1    | Found Taecsawk's Weapon Boutique.
  9237 | Orc:2    | Entered Level 2 of the Orcish Mines
  9237 | Orc:2    | Found Fuolopa's Magic Scroll Emporium.
  9237 | Orc:2    | Found Jicy's Magic Scroll Boutique.
  9237 | Orc:2    | Found a staircase to the Elven Halls.
  9253 | Orc:2    | Bought a scroll of identify for 28 gold pieces
  9253 | Orc:2    | Bought a scroll of identify for 28 gold pieces
  9253 | Orc:2    | Bought a scroll of identify for 28 gold pieces
  9253 | Orc:2    | Bought a scroll of immolation for 56 gold pieces
  9253 | Orc:2    | Bought a scroll of identify for 28 gold pieces
  9348 | Orc:1    | Reached skill level 16 in Unarmed Combat
  9593 | Orc:2    | Received a gift from Trog
  9925 | Orc:2    | Noticed Urug
  9955 | Orc:2    | Killed Urug
 10010 | Orc:2    | Found Cusac's Antique Armour Boutique.
 10010 | Orc:2    | Found Yrish's Distillery.
 10012 | Orc:2    | Found Empetz's Armour Shoppe.
 10014 | Orc:2    | Found Cesusam's Book Shop.
 10087 | Orc:2    | Bought a potion of experience for 750 gold pieces
 10087 | Orc:2    | Bought a potion of heal wounds for 75 gold pieces
 10087 | Orc:2    | Reached XP level 13. HP: 124/124 MP: 12/12
 10182 | Orc:2    | Found Raseywio's Assorted Antiques.
 10197 | Orc:2    | Bought a scroll of enchant armour for 210 gold pieces
 10256 | Orc:2    | Found Sufuuceo's Distillery.
 10303 | Orc:2    | Noticed Jorgrun
 10316 | Orc:2    | Killed Jorgrun
 10399 | Orc:2    | Noticed Kiciri's ghost (journeyman GnFi)
 10403 | Orc:2    | Found a runed translucent gate.
 10445 | Orc:2    | Found Etex's Distillery.
 10453 | Orc:2    | Bought a potion of heal wounds for 80 gold pieces
 10504 | Orc:2    | Found a runed translucent gate.
 10504 | Orc:2    | Found a runed translucent gate.
 11140 | Orc:2    | Killed Kiciri's ghost
 11148 | Orc:2    | Reached skill level 17 in Unarmed Combat
 11279 | Elf:1    | Entered Level 1 of the Elven Halls
 11279 | Elf:1    | Noticed a deep elf demonologist
 11282 | Elf:1    | Killed a deep elf demonologist
 11282 | Elf:1    | Received a gift from Trog
 11290 | Elf:1    | Reached ****** piety under Trog
 11423 | Elf:1    | Reached XP level 14. HP: 131/133 MP: 13/13
 11678 | Lair:1   | Entered Level 1 of the Lair of Beasts
 12515 | Lair:2   | Noticed Fannar
 12546 | Lair:2   | Reached skill level 18 in Unarmed Combat
 12907 | Lair:2   | Found a staircase to the Swamp.
 13214 | Lair:2   | Killed Fannar
 13214 | Lair:2   | Received a gift from Trog
 13621 | Lair:3   | Found a staircase to the Snake Pit.
 14603 | Lair:4   | Reached skill level 19 in Unarmed Combat
 14842 | Lair:4   | Mangled by a skyshark

Illustrated notes

Levels and vault maps discovered:
D:1:      amcnicky_arrival_wind_blow, layout_rooms, serial_shops,
          nicolae_book_shop_shelving, kennysheep_another_room
D:2:      layout_loops_corners, lexackson_kobold_supper
D:3:      layout_rooms
D:4:      minmay_bubble_buster, layout_rooms, marbit_many_paths,
          minmay_temple_entry_stoned_glass, kennysheep_small_circle
D:5:      layout_rooms, lightli_temple_of_fire, nicolae_ossuary_entry_ruins,
          dk_noncrumbling_2, amcnicky_mini_rare_corridor_liquid,
          grunt_ministairs_13, uniq_menkaure
D:6:      cheibrodos_steamvent, layout_basic, nicolae_overflow_crystal_walls
D:7:      lemuel_ratsnest, layout_basic, minmay_microvault
D:8:      layout_basic, mainiacjoe_overflow_catch_the_wave, serial_shops, shop,
          uniq_erica
D:9:      layout_loops_ring, enter_bailey_3, guppyfry_early_elven_hall,
          uniq_joseph
D:10:     layout_small_grid, mainiacjoe_overflow_cross_hatched
D:11:     kennysheep_ambush_hall, layout_basic, grunt_lair_entry_orc_guard_hut,
          trog_antimagical, uniq_sonja
Lair:1:   layout_roguey
Lair:2:   layout_chaotic_city, nicolae_swamp_entry_splash_gauntlet, uniq_fannar
Lair:3:   layout_gridlike, minmay_snake_entry_guardpost_small,
          fungi_pond_lemuel, grunt_megastairs_2, serial_bayou_shore_a
Lair:4:   gammafunk_lair_enchanted_lake, layout_cellular_growth, st_stairs_4,
          tgw_fedhas, uniq_rupert
Orc:1:    layout_caves, serial_shops, shop
Orc:2:    st_orc_rangers, layout_caves, serial_shops, nicolae_diamond_shop,
          shop, nicolae_shop_waterfront, nicolae_shop_just_a_little_nook, shop,
          gammafunk_ghost_split, uniq_jorgrun, uniq_urug
Elf:1:    layout_geoelf_octagon, hangedman_corner_corridor, grunt_ministairs_1

Skill      XL: |  1  2  3  4  5  6  7  8  9 10 11 12 13 14 |
---------------+-------------------------------------------+-----
Unarmed Combat | 4 5 6 8 10 11 13 15 16 17 19 | 19.0
Dodging        | 3 4 5 6 7 8 9 |  9.9
Fighting       | 3 4 5 6 7 8 |  8.2
Armour         | 2 3 4 7 8 9 |  9.3
Stealth        | 1 2 |  2.7
Throwing       | 2 |  2.3

Action                     |  1- 3 |  4- 6 |  7- 9 | 10-12 | 13-15 || total
---------------------------+-------+-------+-------+-------+-------++-------
  Melee: Unarmed           |   152 |   116 |   353 |   476 |   425 ||  1522
         Punch             |     5 |     3 |    19 |    45 |    43 ||   115
    Use: Scroll            |     4 |     7 |    10 |     5 |     4 ||    30
         Potion            |       |       |       |     2 |     1 ||     3
   Stab: Sleeping          |       |     1 |     2 |     3 |     2 ||     8
         Distracted        |       |       |       |       |     1 ||     1
 Armour: Animal skin       |    30 |    47 |    32 |       |       ||   109
         Steam dragon scal |       |       |    74 |   148 |   192 ||   414
         Skin              |       |       |     2 |       |       ||     2
  Dodge: Dodged            |    43 |    54 |   165 |   333 |   255 ||   850

Table legend: (Time is in decaauts)
 A = Elapsed time spent in this place.
 B = Non-inter-level travel time spent in this place.
 C = Inter-level travel time spent in this place.
 D = Time resting spent in this place.
 E = Time spent auto-exploring this place.
 F = Levels seen in this place.
 G = Mean time per level.
                   A        B        C        D        E       F      G
               +--------+--------+--------+--------+--------+-----+--------+
         Total |  14561 |  11491 |   3070 |    346 |   5955 |  20 |  728.0 |
       Dungeon |   8015 |   6652 |   1363 |     21 |   4400 |  11 |  728.6 |
          Lair |   3060 |   1991 |   1069 |      3 |    664 |   4 |  765.0 |
  Orcish Mines |   2305 |   1741 |    564 |    277 |    813 |   2 | 1152.5 |
   Elven Halls |    350 |    276 |     74 |      0 |      0 |   1 |  350.0 |
       Ossuary |    335 |    335 |      0 |      0 |      0 |   1 |  335.0 |
        Bailey |    493 |    493 |      0 |     45 |     78 |   1 |  493.0 |
               +--------+--------+--------+--------+--------+-----+--------+

Top non-repeatable levels by time:
   Orc:2: 1625 daAuts
  Lair:3: 1185 daAuts
     D:2: 1096 daAuts
     D:7: 1001 daAuts
    D:11: 899 daAuts
  Lair:2: 869 daAuts
     D:9: 774 daAuts
     D:8: 724 daAuts
     D:5: 713 daAuts
     D:6: 709 daAuts
   Orc:1: 679 daAuts
     D:4: 641 daAuts
  Lair:1: 638 daAuts
    D:10: 509 daAuts
  Bailey: 493 daAuts
